 Dungeon Crawl Stone Soup version 0.29.0-11-gd7f09526c8 (webtiles) character file.

Game seed: 12635777276451819951

1379 Pooter the Cleaver (level 8, -9/73 HPs)
             Began as a Minotaur Monk on Sept 3, 2022.
             Was a Believer of Okawaru.
             Mangled by a two-headed ogre
             ... wielding a +0 giant club
              (11 damage)
             ... on level 6 of the Dungeon.
             The game lasted 00:32:44 (6266 turns).

Pooter the Cleaver (Minotaur Monk)                  Turns: 6266, Time: 00:32:44

Health: -9/73      AC: 14    Str: 18    XL:     8   Next: 39%
Magic:  6/8        EV: 10    Int:  7    God:    Okawaru [**....]
Gold:   75         SH:  0    Dex: 13    Spells: 7/7 levels left

rFire   + . .      SeeInvis .   a - +1 war axe
rCold   . . .      Faith    .   (no shield)
rNeg    . . .      Spirit   .   l - +0 chain mail
rPois   +          Reflect  .   (helmet restricted)
rElec   .          Harm     .   (no cloak)
rCorr   .          Rampage  .   o - +0 pair of gloves
Will    .....                   e - +2 pair of boots {Fly}
Stlth   ..........              (no amulet)
HPRegen 0.22/turn               P - ring of poison resistance
MPRegen 0.11/turn               F - ring of protection from fire

@: heroic, flying
A: horns 2, retaliatory headbutt
a: Renounce Religion, Heroism


You were on level 6 of the Dungeon.
You worshipped Okawaru.
Okawaru was pleased with you.
You visited 1 branch of the dungeon, and saw 6 of its levels.
You also visited: Sewer.

You collected 296 gold pieces.
You spent 221 gold pieces at shops.

Inventory:

Hand Weapons
 a - a +1 war axe (weapon)
   (You found it on level 1 of the Dungeon)
 b - a +0 sling
   (You found it on level 5 of the Dungeon)
 r - a +0 trident
   (You took it off an orc on level 3 of the Dungeon)
Missiles
 m - 7 poisoned darts
 u - 3 curare-tipped darts
 Q - 28 stones (quivered)
Armour
 e - a +2 pair of boots of flying (worn)
   (You found it on level 1 of the Dungeon)
 l - a +0 chain mail (worn)
   (You found it on level 2 of the Dungeon)
 o - a +0 pair of gloves (worn)
   (You found it on level 2 of the Dungeon)
Jewellery
 F - a ring of protection from fire (right hand)
   (You found it on level 2 of the Dungeon)
 P - a ring of poison resistance (left hand)
   (You found it on level 1 of the Dungeon)
Wands
 d - a wand of iceblast (6)
   (You found it on level 5 of the Dungeon)
 q - a wand of polymorph (2)
   (You took it off Ijyb on level 3 of the Dungeon)
 x - a wand of acid (7)
   (You found it on level 5 of the Dungeon)
Scrolls
 g - 2 scrolls of immolation {!r}
 i - a scroll of fog {unknown}
 j - 4 scrolls of fear
 k - a scroll of magic mapping
 t - 3 scrolls of teleportation {@r4}
 w - a scroll of noise {!r}
 A - a scroll of vulnerability {!r}
Potions
 c - a potion of attraction {unknown}
 f - a potion of mutation {unknown}
 h - a potion of curing {@q1}
 n - 2 potions of brilliance
 p - a potion of resistance {unknown}
 s - 2 potions of cancellation
 v - 2 potions of magic
 y - 3 potions of might
 z - a potion of heal wounds {unknown}
 B - 4 potions of degeneration {unknown}
 C - a potion of flight {unknown}


   Skills:
 + Level 7.3(12.3) Fighting
 * Level 9.9(14.9) Axes
 * Level 3.1(8.1) Ranged Weapons
 - Level 3.2(8.2) Dodging
 - Level 1.5(6.5) Stealth
 + Level 1.9 Invocations
 + Level 1.6 Evocations


You had 7 spell levels left.
You didn't know any spells.
Your spell library contained the following spells:

 Spells                   Type           Power      Damage    Failure   Level
 Orb of Destruction       Conj           0%         9d5       100%        7
 Chain Lightning          Conj/Air       0%         N/A       100%        9
 Fire Storm               Conj/Fire      0%         5d1       100%        9
 Shatter                  Erth           0%         3d5*      100%        9
 Summon Guardian Golem    Hex/Summ       Unusable   N/A       N/A         3
 Spellforged Servitor     Conj/Summ      Unusable   N/A       N/A         7

Dungeon Overview and Level Annotations

Branches:
Dungeon (6/15)              Sewer (visited)
 Temple: D:4-7

Altars:
Ashenzari
Nemelex Xobeh
Okawaru

Shops:
D:1 *   D:2 *   D:4 :


Innate Abilities, Weirdness & Mutations

You have a pair of horns on your head.
You reflexively headbutt those who attack you in melee.


Message History

a - a +1 war axe (weapon)
The iguana barely misses you.
You slash the iguana! Your headbutt misses the iguana. The iguana bites you!
You hit the iguana. The iguana barely misses you. You furiously retaliate!
You headbutt the iguana!
You kill the iguana!
Okawaru accepts your kill.
Found a black potion.
Found a stone staircase leading down.
b - a +0 sling (weapon)
There is a stone staircase leading down here.
C - a black potion
There is a stone staircase leading down here.
A two-headed ogre comes into view. It is wielding two +0 giant clubs.
The two-headed ogre shouts in stereo!
You shoot a sling bullet.
The sling bullet hits the two-headed ogre.
You shoot a sling bullet.
The sling bullet hits the two-headed ogre but does no damage.
A scorpion comes into view.
Throw: 5 darts (curare)
Aim: a two-headed ogre, wielding two +0 giant clubs (lightly wounded, 75% to hit)
You throw a curare-tipped dart.
The curare-tipped dart hits the two-headed ogre.
The two-headed ogre is poisoned.
The two-headed ogre convulses.
The two-headed ogre seems to slow down.
Throw: 4 darts (curare)
Aim: a two-headed ogre, wielding two +0 giant clubs (moderately wounded, very poisoned, slow, 75% to hit)
You throw a curare-tipped dart.
The curare-tipped dart barely misses the two-headed ogre.
The curare-tipped dart closely misses the scorpion.
a - a +1 war axe (weapon)
You gain the combat prowess of a mighty hero.
The two-headed ogre hits you with a +0 giant club!
The two-headed ogre hits you with a +0 giant club!!
* * * LOW HITPOINT WARNING * * *
You hit the two-headed ogre.
Your headbutt misses the two-headed ogre.
You barely miss the two-headed ogre. You headbutt the two-headed ogre.
You slash the two-headed ogre!
The two-headed ogre hits you with a +0 giant club!
* * * LOW HITPOINT WARNING * * *
The two-headed ogre hits you with a +0 giant club.
* * * LOW HITPOINT WARNING * * *
You closely miss the two-headed ogre.
The two-headed ogre is no longer moving slowly.
You slash the two-headed ogre!
The two-headed ogre hits you with a +0 giant club!
* * * LOW HITPOINT WARNING * * *
The two-headed ogre hits you with a +0 giant club!
You die...

###.#######.###.>........
................#######.#
............###.#
##...#####.####.# ##.##
#......# ### ######.# ..
#.# #.#.#######.
#...@Os(...( ############


You could see a two-headed ogre (poisoned) and a scorpion.

Vanquished Creatures
  Sigmund (D:4)
  4 phantoms
  A kobold brigand (Sewer)
  A necrophage (D:5)
  Blork the orc (D:4)
  A scorpion (D:4)
  A howler monkey (D:5)
  A jelly (D:6)
  3 orc priests
  2 hounds
  Ijyb (D:3)
  3 iguanas
  2 orc wizards
  Robin (D:4)
  5 gnolls
  9 adders
  A white imp (D:6)
  An ufetubus (D:6)
  3 worms
  A dart slug (D:1)
  14 orcs
  11 bats
  9 endoplasms
  7 giant cockroaches
  10 goblins
  10 hobgoblins
  3 jackals (D:3)
  14 kobolds
  2 quokkas (D:1)
  9 ball pythons
  2 frilled lizards
  9 rats
143 creatures vanquished.

Notes
Turn   | Place    | Note
-------+----------+-------------------------------------------
     0 | D:1      | Pooter the Minotaur Monk began the quest for the Orb.
     0 | D:1      | Reached XP level 1. HP: 19/19 MP: 0/0
    54 | D:1      | Reached skill level 4 in Axes
    55 | D:1      | Reached XP level 2. HP: 22/27 MP: 1/1
   122 | D:1      | Found a faded altar of an unknown god.
   183 | D:1      | Found Roiqok's Assorted Antiques.
   598 | D:1      | Bought a scroll labelled ENYMAS DAHAV for 29 gold pieces
   695 | D:1      | Reached XP level 3. HP: 33/33 MP: 2/2
  1025 | D:2      | Reached skill level 5 in Axes
  1109 | D:2      | Reached XP level 4. HP: 41/41 MP: 3/3
  1197 | D:2      | Found a broken altar of Ashenzari.
  1238 | D:2      | Found Xownisoc's General Store.
  1243 | D:2      | Bought a scroll of noise for 10 gold pieces
  1550 | D:1      | Bought a scroll labelled OXZIAX QODWOI for 29 gold pieces
  2020 | D:3      | Found a sparkling altar of Nemelex Xobeh.
  2058 | D:3      | Noticed a phantom
  2077 | D:3      | Killed a phantom
  2078 | D:3      | Reached skill level 5 in Fighting
  2078 | D:3      | Reached skill level 6 in Axes
  2078 | D:3      | Reached XP level 5. HP: 32/48 MP: 4/4
  2403 | D:3      | Found a glowing drain.
  2412 | Sewer    | Entered a sewer
  2659 | Sewer    | Reached skill level 7 in Axes
  2659 | Sewer    | Reached XP level 6. HP: 39/56 MP: 5/5
  2908 | D:3      | Noticed Ijyb
  2932 | D:3      | Killed Ijyb
  3459 | D:1      | Bought a scroll of identify for 58 gold pieces
  3459 | D:1      | Bought a scroll labelled SABIAKLOCEB for 29 gold pieces
  3574 | D:4      | Noticed Blork the orc
  3578 | D:4      | Killed Blork the orc
  3626 | D:4      | Reached skill level 8 in Axes
  3639 | D:4      | Found Diusowao's Book Shop.
  3642 | D:4      | Noticed Sigmund
  3662 | D:4      | Killed Sigmund
  3663 | D:4      | Reached XP level 7. HP: 50/64 MP: 6/6
  3864 | D:4      | Found an iron altar of Okawaru.
  3872 | D:4      | Became a worshipper of Warmaster Okawaru
  3872 | D:4      | Reached * piety under Okawaru
  3872 | D:4      | Reached ** piety under Okawaru
  4000 | D:4      | Noticed Robin
  4021 | D:4      | Killed Robin
  4300 | D:2      | Bought a potion of might for 40 gold pieces
  4360 | D:4      | Reached skill level 9 in Axes
  4432 | D:4      | Identified the +5 short sword of Calamity {vorpal, rC+}
  4778 | D:5      | Entered Level 5 of the Dungeon
  4882 | D:5      | Reached skill level 1 in Ranged Weapons
  5314 | D:5      | Reached skill level 1 in Invocations
  5314 | D:5      | Reached XP level 8. HP: 73/73 MP: 5/7
  5392 | D:5      | Reached skill level 1 in Evocations
  5656 | D:1      | Bought an inky potion for 26 gold pieces
  6255 | D:6      | Noticed a two-headed ogre
  6266 | D:6      | HP: 2/73 [two-headed ogre/+0 giant club (16)]
  6266 | D:6      | Mangled by a two-headed ogre

Illustrated notes

Levels and vault maps discovered:
D:1:      onia_arrival_pentagram, layout_basic,
          hellmonk_ecumenical_altar_arch_garden, serial_shops,
          nicolae_shop_overgrown_old_shop
D:2:      layout_basic, serial_shops, nicolae_shop_competitors_out_of_business,
          basic_altar, serial_rivers, chequers_serial_rivers_micro_a,
          chequers_serial_rivers_micro_b, chequers_serial_rivers_micro_b,
          chequers_serial_rivers_micro_c, minmay_tiny_reverse_x
D:3:      layout_rooms, nemelex_dance_club_becter, portal_sewer_entry_d,
          serial_rivers, chequers_serial_rivers_micro_a,
          chequers_serial_rivers_small_a, chequers_serial_rivers_small_a,
          chequers_serial_rivers_room_b, uniq_ijyb
D:4:      layout_loops_corners, mainiacjoe_overflow_surrounded_room,
          serial_shops, shop, uniq_sigmund, uniq_robin, uniq_blork_the_orc
D:5:      layout_rooms
D:6:      layout_loops_ring, temple_hall_moat

Skill      XL: |  1  2  3  4  5  6  7  8 |
---------------+-------------------------+-----
Axes           | 4 5 6 7 8 9 |  9.9
Fighting       | 4 5 6 7 |  7.3
Ranged Weapons | 1 3 |  3.1
Invocations    | 1 |  1.9
Evocations     | 1 |  1.6
Dodging        | |  3.2
Stealth        | |  1.5

Action                   |  1- 3 |  4- 6 |  7- 9 || total
-------------------------+-------+-------+-------++-------
Melee: Hand axe          |    35 |       |       ||    35
       Headbutt          |    13 |    20 |    18 ||    51
       War axe           |    16 |   149 |   108 ||   273
       Unarmed           |       |    13 |       ||    13
       Punch             |       |     1 |     3 ||     4
 Fire: Sling             |       |       |    25 ||    25
Throw: Stone             |       |     4 |       ||     4
       Boomerang         |       |     1 |       ||     1
       Dart              |       |     5 |     2 ||     7
Invok: Heroism           |       |       |     9 ||     9
Evoke: Wand              |       |       |     3 ||     3
  Use: Scroll            |       |    11 |     4 ||    15
       Potion            |       |     3 |     1 ||     4
 Stab: Sleeping          |     2 |       |       ||     2
Armor: Robe              |    16 |       |       ||    16
       Chain mail        |       |   109 |    61 ||   170
       Skin              |       |     1 |       ||     1
Dodge: Dodged            |    43 |    59 |    53 ||   155
